 Dungeon Crawl Stone Soup version 0.30-a0-760-g5a9884bb7c (webtiles) character file.

Game seed: 220131632926423767

678 mopl the Sneak (level 7, 0/37 HPs)
             Began as a Vine Stalker Brigand on Feb 10, 2023.
             Was a Follower of Kikubaaqudgha.
             Succumbed to an orc wizard's poison
             ... on level 4 of the Dungeon.
             The game lasted 00:07:02 (3101 turns).

mopl the Sneak (Vine Stalker Brigand)               Turns: 3101, Time: 00:07:03

Health: 0/37       AC:  4    Str: 13    XL:     7   Next: 60%
Magic:  1/17       EV: 11    Int: 11    God:    Kikubaaqudgha [*.....]
Gold:   92         SH:  0    Dex: 18    Spells: 6/6 levels left

rFire   . . .      SeeInvis .    a - +2 dagger
rCold   . . .      Faith    .    (no shield)
rNeg    . . .      Spirit   +    b - +0 robe
rPois   .          Reflect  .    (no helmet)
rElec   .          Harm     .    c - +0 cloak
rCorr   .          Rampage  .    r - +0 pair of gloves
Will    .....                    (no boots)
Stlth   ++++                     L - amulet of regeneration
HPRegen 1.86/turn                l - ring of magical power
MPRegen 0.15/turn                (no ring)

@: lethally poisoned (0 -> 0)
A: fangs 2, regeneration 1, magic shield, antimagic bite, no potion heal 2
a: Renounce Religion, Unearth Wretches


You were on level 4 of the Dungeon.
You worshipped Kikubaaqudgha.
Kikubaaqudgha was aware of your devotion.
You visited 2 branches of the dungeon, and saw 6 of its levels.

You collected 222 gold pieces.
You spent 130 gold pieces at shops.

Inventory:

Hand Weapons
 a - a +2 dagger (weapon)
 k - a +0 dagger of holy wrath
Missiles
 d - 20 poisoned darts (quivered)
 e - 3 curare-tipped darts
 v - 3 boomerangs
Armour
 b - a +0 robe (worn)
 c - a +0 cloak (worn)
 r - a +0 pair of gloves (worn)
 M - an orb of mayhem
Magical Staves
 B - a staff of poison
Jewellery
 l - a ring of magical power (left hand)
 t - an amulet of magic regeneration
 L - an amulet of regeneration (around neck)
Wands
 y - a wand of flame (17)
 z - a wand of polymorph (3)
 G - a wand of charming (4)
Scrolls
 h - 8 scrolls of identify {unknown}
 i - 2 scrolls of teleportation {unknown}
 j - a scroll of immolation {unknown}
 n - 4 scrolls of enchant weapon {unknown}
 p - 2 scrolls of blinking {unknown}
 q - 2 scrolls of vulnerability {unknown}
 u - a scroll of fear {unknown}
 w - 3 scrolls of noise {unknown}
 C - a scroll of silence {unknown}
 F - a scroll of poison {unknown}
 H - a scroll of fog {unknown}
 I - a scroll of enchant armour {unknown}
 K - a scroll of amnesia {unknown}
Potions
 f - a potion of mutation {unknown}
 g - a potion of invisibility {unknown}
 m - a potion of ambrosia {unknown}
 o - a potion of haste {unknown}
 s - a potion of degeneration {unknown}
 x - 2 potions of brilliance
 A - a potion of heal wounds {unknown}
 D - a potion of resistance {unknown}
 E - a potion of cancellation {unknown}


   Skills:
 + Level 3.8 Fighting
 + Level 3.8 Short Blades
 + Level 3.8 Throwing
 - Level 0.7 Dodging
 + Level 6.9 Stealth
 + Level 2.0 Evocations


You had 6 spell levels left.
You didn't know any spells.
Your spell library contained the following spells:

 Spells                   Type           Power      Damage    Failure   Level
 Necrotise                Necr           0%         1d4       34%         1
 Cigotuvi's Dreadful Rot  Necr/Pois/Air  0%         N/A       47%         2
 Sublimation of Blood     Necr           0%         N/A       47%         2
 Gell's Gravitas          Tloc           0%         N/A       71%         3
 Teleport Other           Tloc           0%         N/A       71%         3
 Vampiric Draining        Necr           0%         2d6       71%         3
 Dispersal                Tloc           0%         N/A       100%        6


Dungeon Overview and Level Annotations

Branches:
Dungeon (5/15)             Temple (1/1) D:4

Altars:
Ashenzari
Cheibriados
Dithmenos
Elyvilon
Fedhas
Gozag
Hepliaklqana
Kikubaaqudgha
Makhleb
Nemelex Xobeh
Okawaru
Ru
Sif Muna
Trog
Vehumet
Wu Jian
Xom
Zin
The Shining One

Shops:
D:1 *   D:4 ![   D:5 [


Innate Abilities, Weirdness & Mutations

You have extremely sharp teeth.
Your natural rate of healing is unusually fast.
When hurt, damage is shared between your health and your magic reserves.
Your bite disrupts and absorbs the magic of your enemies.
Potions cannot restore your health.


Message History

* * * LOW HITPOINT WARNING * * *
You hit something but do no damage. Your bite misses something.
Something hits you.
* * * LOW HITPOINT WARNING * * *
You are poisoned.
You hit something but do no damage. Your bite misses something.
You feel sick.
Aiming: Throw Flame
Press: ? - help, Shift-Dir - straight line You feel sick.
Something hits you.
* * * LOW HITPOINT WARNING * * *
You are more poisoned.
You closely miss something. Your bite misses something.
You feel very sick. Something hits you but does no damage.
You are lethally poisoned!
Your system rejects the healing.
You feel better. Something hits you.
* * * LOW HITPOINT WARNING * * *
You are poisoned.
You completely miss something. You bite something.
You feel very sick.
You miss something.
You feel sick. Something hits you.
You are more poisoned.
You miss something. Your bite misses something.
* * * LOW HITPOINT WARNING * * *
You feel very sick.
You hear some strange, mumbled words.
Something tries to affect you, but you resist.
You barely miss something.
You feel sick.
You hear some strange, mumbled words.
A puff of flame appears from out of thin air!
The puff of flame hits you!
* * * LOW HITPOINT WARNING * * *
You barely miss something.
* * * LOW HITPOINT WARNING * * *
You feel sick.
You hear some strange, mumbled words.
Something tries to affect you, but you resist.
You hit something but do no damage. You bite something.
You die...
Kikubaaqudgha rasps: "You have failed me!
Welcome... death!"

...# #.#.# #.# .###
#[#.#### #.# .#
#......# #.# .#
###.##.# #.# '##
#.##.###.# ..##
#........## ...##
#.....##.8## ....##
#.....##...##
.....###.....#8.@.8#
.....'.......##.{.##
.....###.....##.∩.#
....## #..........##
≈..## ###....8.<.8#
..## #.####...## .##
#.# #.8## .#
######.####..# .#
#........###.#


There were no monsters in sight!

Vanquished Creatures
  A black bear (D:4)
  The ghost of caveywoolpert the Digger, an amateur DsEE (D:3)
  A scorpion (D:2)
  A howler monkey (D:4)
  2 electric eels (D:3)
  2 hounds (D:4)
  An iguana (D:3)
  An iron imp (D:5)
  An orc wizard (D:5)
  3 gnolls (D:4)
  9 adders
  11 orcs
  4 bats
  4 endoplasms
  3 giant cockroaches
  7 goblins
  A hobgoblin (D:2)
  10 jackals
  3 quokkas
  9 ball pythons
  2 frilled lizards
  2 goblin skeletons (D:5)
  A goblin zombie (D:5)
  3 hobgoblin zombies (D:5)
  7 kobolds
  A kobold skeleton (D:5)
  2 orc skeletons (D:5)
  3 rats
96 creatures vanquished.

Notes
Turn   | Place    | Note
-------+----------+-------------------------------------------
     0 | D:1      | mopl the Vine Stalker Brigand began the quest for the Orb.
     0 | D:1      | Reached XP level 1. HP: 11/11 MP: 2/2
    14 | D:1      | Found Weptongio's General Store.
   308 | D:1      | Reached skill level 2 in Fighting
   308 | D:1      | Reached skill level 2 in Short Blades
   308 | D:1      | Reached skill level 5 in Stealth
   308 | D:1      | Reached XP level 2. HP: 14/15 MP: 1/3
   314 | D:1      | Reached skill level 2 in Throwing
   761 | D:2      | Reached XP level 3. HP: 18/18 MP: 4/4
   797 | D:2      | Noticed a scorpion
   809 | D:2      | Killed a scorpion
   810 | D:2      | Gained mutation: Your natural rate of healing is unusually
                  | fast. [Vine Stalker growth]
   810 | D:2      | Reached XP level 4. HP: 19/23 MP: 5/5
  1172 | D:3      | Found a transporter.
  1213 | D:3      | Found a transporter.
  1239 | D:3      | Reached XP level 5. HP: 28/28 MP: 6/6
  1293 | D:3      | Reached skill level 3 in Fighting
  1293 | D:3      | Reached skill level 3 in Short Blades
  1293 | D:3      | Reached skill level 3 in Throwing
  1293 | D:3      | Reached skill level 6 in Stealth
  1379 | D:3      | Found a burning altar of Makhleb.
  1387 | D:3      | Reached XP level 6. HP: 32/32 MP: 7/7
  1698 | D:3      | Found a runed translucent door.
  1698 | D:3      | Noticed caveywoolpert's ghost (amateur DsEE)
  1703 | D:3      | Killed caveywoolpert's ghost
  1776 | D:4      | Reached skill level 1 in Evocations
  2090 | D:4      | Found a staircase to the Ecumenical Temple.
  2108 | Temple   | Entered the Ecumenical Temple
  2138 | Temple   | Became a worshipper of Kikubaaqudgha
  2197 | D:4      | Found Xeutyeg's Distillery.
  2239 | D:4      | Reached XP level 7. HP: 24/36 MP: 8/8
  2255 | D:4      | Bought a potion of attraction for 39 gold pieces
  2255 | D:4      | Bought a potion of curing for 39 gold pieces
  2255 | D:4      | Bought a potion of brilliance for 52 gold pieces
  2310 | D:4      | Found Wuituj's Antique Armour Shoppe.
  2678 | D:4      | Found a shimmering blue altar of Sif Muna.
  2797 | D:5      | Entered Level 5 of the Dungeon
  2817 | D:5      | Found a glowing golden altar of the Shining One.
  2823 | D:5      | Reached skill level 2 in Evocations
  2829 | D:5      | Reached * piety under Kikubaaqudgha
  2829 | D:5      | Received a gift from Kikubaaqudgha
  2920 | D:5      | Found a bloodstained altar of Trog.
  2988 | D:5      | Found Efegaq's Antique Armour Boutique.
  3019 | D:5      | Found an opulent altar of Gozag.
  3099 | D:4      | HP: 1/37 [something/puff of flame (1)]
  3101 | D:4      | Succumbed to an orc wizard's poison

Illustrated notes

Levels and vault maps discovered:
D:1:      dpeg_arrival_connections, layout_loops_ring, serial_shops,
          nicolae_shop_stone, chequers_serial_rivers_large_a
D:2:      layout_basic
D:3:      gammafunk_steamed_eel, layout_basic, mainiacjoe_overflow_chevrons,
          gammafunk_ghost_grave, minmay_quantized
D:4:      layout_loops_corners, marbit_many_paths,
          minmay_temple_entry_sparse_star, serial_shops, nicolae_stop_n_shop_2,
          nicolae_diamond_shop
D:5:      layout_basic, mainiacjoe_overflow_small_starburst,
          nicolae_tso_besieged_by_evil, nicolae_uskayaw_dance_hall,
          mainiacjoe_overflow_alcove_4, serial_shops, shop, uniq_prince_ribbit1,
          uniq_menkaure
Temple:   eino_temple_lava

Skill      XL: |  1  2  3  4  5  6  7 |
---------------+----------------------+-----
Fighting       | 2 3 |  3.8
Short Blades   | 2 3 |  3.8
Stealth        | 5 6 |  6.9
Throwing       | 2 3 |  3.8
Evocations     | 1 2 |  2.0
Dodging        | |  0.7

Action                     |  1- 3 |  4- 6 |  7- 9 || total
---------------------------+-------+-------+-------++-------
  Melee: Dagger            |    66 |   134 |    80 ||   280
         Bite              |    10 |    36 |    25 ||    71
         Punch             |     1 |     1 |     2 ||     4
  Throw: Dart              |     2 |       |       ||     2
  Evoke: Wand              |       |     3 |     1 ||     4
    Use: Potion            |       |       |     2 ||     2
   Stab: Sleeping          |     6 |    17 |     9 ||    32
 Armour: Robe              |    20 |    26 |    18 ||    64
  Dodge: Dodged            |    48 |    75 |    34 ||   157

Table legend: (Time is in decaauts)
 A = Elapsed time spent in this place.
 B = Non-inter-level travel time spent in this place.
 C = Inter-level travel time spent in this place.
 D = Time resting spent in this place.
 E = Time spent auto-exploring this place.
 F = Levels seen in this place.
 G = Mean time per level.
                   A        B        C        D        E       F      G
               +--------+--------+--------+--------+--------+-----+--------+
         Total |   3072 |   2963 |    109 |     48 |   2166 |   6 |  512.0 |
       Dungeon |   3034 |   2933 |    101 |     48 |   2166 |   5 |  606.8 |
        Temple |     38 |     30 |      8 |      0 |      0 |   1 |   38.0 |
               +--------+--------+--------+--------+--------+-----+--------+

Top non-repeatable levels by time:
     D:4: 1053 daAuts
     D:1: 670 daAuts
     D:3: 611 daAuts
     D:2: 448 daAuts
     D:5: 250 daAuts
  Temple: 38 daAuts
